 Dungeon Crawl Stone Soup version 0.28.0 (webtiles) character file.

Game seed: 7808243515967621248

2 GordonOverkill the Sneak (level 1, -1/11 HPs)
             Began as a Vine Stalker Delver on Feb 16, 2022.
             Shot with an arrow by a centaur (5 damage)
             ... on level 5 of the Dungeon.
             The game lasted 00:02:13 (472 turns).

GordonOverkill the Sneak (Vine Stalker Delver)       Turns: 472, Time: 00:02:13

Health: -1/11      AC:  3    Str: 14    XL:     1   Next: 30%
Magic:  0/2        EV: 11    Int: 10    God:
Gold:   6          SH:  0    Dex: 15    Spells: 0/0 levels left

rFire   . . .      SeeInvis .     - Unarmed
rCold   . . .      Faith    .   (no shield)
rNeg    . . .      Spirit   +   a - +0 leather armour
rPois   .          Reflect  .   (no helmet)
rElec   .          Harm     .   (no cloak)
rCorr   .          Rampage  .   (no gloves)
Will    .....                   (no boots)
Stlth   +++.......              (no amulet)
HPRegen 0.03/turn               (no ring)
MPRegen 0.08/turn               (no ring)

@: no status effects
A: fangs 2, magic shield, antimagic bite, no potion heal 2
a: no special abilities


You were on level 5 of the Dungeon.
You visited 1 branch of the dungeon, and saw 2 of its levels.

You collected 6 gold pieces.

Inventory:

Armour
 a - a +0 leather armour (worn)
Jewellery
 g - a ring of see invisible
Wands
 f - a wand of digging (3)
 j - a wand of acid (6)
Scrolls
 b - a scroll of fog
 c - a scroll of enchant armour {unknown}
 d - a scroll of fear
 h - a scroll of amnesia {unknown}
Potions
 e - a potion of haste
 i - a potion of heal wounds {unknown}


   Skills:
 - Level 2.7 Fighting
 - Level 1.5 Dodging
 - Level 6.0 Stealth
 - Level 2.1 Unarmed Combat
 + Level 0.0 Evocations


You couldn't memorise any spells.
You didn't know any spells.
Your spell library was empty.

Dungeon Overview and Level Annotations

Branches:
Dungeon (6/15)
 Temple: D:4-7

Altars:

Annotations:
D:5 exclusion: centaur


Innate Abilities, Weirdness & Mutations

You have extremely sharp teeth.
When hurt, damage is shared between your health and your magic reserves.
Your bite disrupts and absorbs the magic of your enemies.
Potions cannot restore your health.


Message History

a +0 club; a +0 ring mail You start resting.
An orc is nearby!
You see here a scroll labelled KON DUSHRULEEC.
h - a scroll labelled KON DUSHRULEEC
Found a red potion.
i - a red potion You start resting.
An orc is nearby!
Found a leather armour.
HP restored.
Okay, then.
You see here a +0 leather armour.
Found 20 gold pieces.
Unknown command.
Unknown command.
You see here a +0 leather armour.
Found 6 gold pieces.
Found 32 stones.
You now have 6 gold pieces.
You see here 32 stones.
You see here 32 stones.
Found a brass wand.
j - a wand of acid (6) Unknown command.
Unknown command.
Unknown command.
Found a falchion.
Found a runed robe.
You see here a +0 robe of fire resistance.
You see here a +0 falchion.
Stopped running for exclusion.
The centaur shouts!
The centaur unwields a +0 spear.
The centaur wields a +0 shortbow.
The centaur shoots an arrow.
The arrow hits you.
The centaur shoots an arrow.
The arrow hits you.
* * * LOW HITPOINT WARNING * * *
You start resting.
The centaur shoots an arrow.
The arrow hits you.
You die...

# #.# #.# #.#
#.# #.# .# #.#
#.# ###.## #.#
....# #.#
###..## #.#
..#...#####.#
#.#.........#
#.#@..#######
#####.#.#######
#.....c.......#
#c#######.###.#
#.# #..# #.#
#.# #.## #.#
#.# #.####.#
........#
#...(..#
c#......#
#.######


You could see a centaur.

Vanquished Creatures
  An orc (D:5)
1 creature vanquished.

Notes
Turn   | Place    | Note
-------+----------+-------------------------------------------
     0 | D:5      | GordonOverkill the Vine Stalker Delver began the quest for
                  | the Orb.
     0 | D:5      | Reached XP level 1. HP: 11/11 MP: 2/2
     8 | D:5      | Noticed an orc priest
    15 | D:5      | Noticed a centaur
    45 | D:6      | Noticed a bullfrog
   472 | D:5      | Shot with an arrow by a centaur

Illustrated notes

Levels and vault maps discovered:
D:5:      layout_loops_ring, minmay_temple_entry_butterflies,
          nicolae_elevator_lobby_plus
D:6:      layout_rooms, gammafunk_ghost_hive, uniq_eustachio

Action                   || total
-------------------------++-------
Melee: Unarmed           ||    12
       Bite              ||     3
       Punch             ||     1
  Use: Scroll            ||     1
Armor: Leather armour    ||     2
Dodge: Dodged            ||    11
